 Dungeon Crawl Stone Soup version 0.28-a0-895-g6e5f11bd55 (webtiles) character file.

Game seed: 11333460298066655925

3225 bande the Cleaver (level 9, -11/56 HPs)
             Began as a Gargoyle Fighter on Nov 22, 2021.
             Killed by the air
             ... invoked by Gastronok
              (33 damage)
             ... on level 8 of the Dungeon.
             The game lasted 00:17:40 (8533 turns).

bande the Cleaver (Gargoyle Fighter)                Turns: 8533, Time: 00:17:40

Health: -11/56     AC: 19    Str: 30      XL:     9   Next: 98%
Magic:  0/9        EV:  9    Int:  7 (8)  God:
Gold:   1652       SH:  5    Dex:  9 (11) Spells: 8/8 levels left

rFire   . . .      SeeInvis .   a - +0 war axe (freeze)
rCold   + . .      Faith    .   c - +0 buckler
rNeg    + . .      Spirit   +   g - +0 chain mail
rPois   ∞          Reflect  .   (no helmet)
rElec   +          Harm     .   h - +1 cloak
rCorr   .          Rampage  .   (no gloves)
Will    .....                   (no boots)
Stlth   ..........              t - amulet of guardian spirit
HPRegen 1.18/turn               f - +6 ring of strength
MPRegen 0.11/turn               l - ring of protection from cold

@: flying
A: sickness immunity, AC +6, negative energy resistance 1, electricity
resistance, torment resistance 1, petrification resistance, deterioration 2,
regeneration 1, screaming 1, strong 1
a: no special abilities


You were on level 8 of the Dungeon.
You visited 2 branches of the dungeon, and saw 9 of its levels.

You collected 1652 gold pieces.

Inventory:

Hand Weapons
 a - a +0 war axe of freezing (weapon)
 m - a +4 flail of protection
 q - a +0 broad axe
Armour
 c - a +0 buckler (worn)
 g - a +0 chain mail (worn)
 h - a +1 cloak (worn)
Jewellery
 f - a +6 ring of strength (left hand)
 k - a ring of see invisible
 l - a ring of protection from cold (right hand)
 t - an amulet of guardian spirit (around neck)
 y - a ring of magical power
Wands
 o - a wand of flame (22)
Scrolls
 b - 4 scrolls of magic mapping
 d - a scroll of fog
 i - 2 scrolls of enchant weapon
 j - a scroll of enchant armour
 r - 2 scrolls of identify
Potions
 e - 2 potions of brilliance
 n - 2 potions of flight
 p - 2 potions of might
 s - a potion of berserk rage
 u - 2 potions of invisibility
 v - a potion of ambrosia
 x - a potion of curing


   Skills:
 + Level 6.8 Fighting
 + Level 9.1 Axes
 + Level 7.1 Armour
 + Level 5.5 Shields
 * Level 3.1 Evocations


You had 8 spell levels left.
You didn't know any spells.
Your spell library contained the following spells:

 Spells                   Type           Power      Damage    Failure   Level
 Animate Dead             Necr           0%         N/A       100%        4
 Petrify                  Tmut/Erth      0%         N/A       100%        4
 Borgnjor's Vile Clutch   Necr/Erth      0%         N/A       100%        5
 Metabolic Englaciation   Hex/Ice        0%         N/A       100%        5
 Death Channel            Necr           0%         N/A       100%        6
 Statue Form              Tmut/Erth      Unusable   N/A       N/A         6

Dungeon Overview and Level Annotations

Branches:
Dungeon (8/15)             Temple (1/1) D:4
   Lair: D:8-11

Altars:
Ashenzari
Cheibriados
Dithmenos
Elyvilon
Fedhas
Hepliaklqana
Kikubaaqudgha
Makhleb
Nemelex Xobeh
Ru
Sif Muna
Trog
Vehumet
Wu Jian
Xom
Yredelemnul
Zin
The Shining One

Shops:
D:4 !

Annotations:
D:8 Gastronok


Innate Abilities, Weirdness & Mutations

You are immune to sickness and miasma.
Your stone body is resilient. (AC +6)
You are immune to poison.
You resist negative energy. (rN+)
You are resistant to electric shocks. (rElec)
You are resistant to unholy torment.
You are immune to petrification.
Your body often deteriorates upon taking damage.
Your natural rate of healing is unusually fast.
You occasionally shout uncontrollably at your foes.
Your muscles are strong. (Str +2)


Message History

You feel much better. The killer bee stings you.
You block the killer bee's attack. x2
The killer bee stings you but does no damage.
The killer bee closely misses you. The orc wizard closely misses you.
An orc comes into view. It is wielding a +0 mace.
The killer bee closely misses you.
The killer bee stings you but does no damage. x2
Gastronok's eyestalks stretch out, then return to normal size.
The rat closely misses you.
The killer bee stings you but does no damage. x2
You feel very buoyant.
You fly up into the air.
The killer bee stings you but does no damage.
The killer bee stings you. The killer bee barely misses you.
The killer bee stings you but does no damage.
You block the killer bee's attack. The orc wizard completely misses you.
The killer bee stings you but does no damage.
The killer bee stings you.
The killer bee stings you but does no damage.
You block the rat's attack.
The killer bee stings you but does no damage.
The killer bee barely misses you.
You slice the rat!! You freeze the rat.
You kill the rat!
The rat's corpse disappears in a puff of smoke!
You barely miss the killer bee. You hit the killer bee.
You freeze the killer bee. You miss the killer bee. You hit the killer bee.
You freeze the killer bee. You barely miss the orc wizard.
You miss the killer bee. The bat barely misses you.
The killer bee stings you but does no damage.
The killer bee barely misses you. The killer bee stings you.
The killer bee stings you but does no damage.
You block the killer bee's attack. The orc wizard barely misses you.
The killer bee stings you.
The killer bee stings you but does no damage.
The killer bee barely misses you.
Gastronok waves his eye-stalks in wide circles.
The air twists around and strikes you!!
Ouch! That really hurt!
You die...

# .##.###########
.......<.......
#.####o''###.##
##.......##
##§§§oo.≈§.##
##.§§yyo≈.≈§.#
##..§y@o≈..§§..#
#..≈§y§y§§.§.≈.§#
#..≈.rw§b⌠.≈...§§§#
..≈.§§§.≈.≈.≈.≈§≈§.
.≈...§...§...≈.§§§.
§.≈.≈.≈.≈.≈.≈.§.≈
...≈.⌠.§.⌠§≈.⌠.≈.
..≈.≈.§§§§≈§≈.≈.
.§§.§≈...§§§.≈.


You could see Gastronok (swift), 5 killer bees, an orc wizard, 3 orcs, a bat
(summoned) and a rat (summoned).

Vanquished Creatures
  2 centaur zombies
  Sigmund (D:7)
  A yak (D:7)
  Eustachio (D:4)
  A steam dragon (D:7)
  2 water moccasins
  An ice beast (D:7)
  A necrophage (D:5)
  4 ogres
  An orc warrior (D:6)
  A centaur (D:7)
  2 phantoms
  A bullfrog (D:7)
  A wyvern zombie (D:7)
  2 scorpions (D:5)
  A killer bee (D:8)
  2 howler monkeys
  A wight (D:7)
  4 hounds
  A bullfrog skeleton (D:4)
  2 orc priests
  A centaur skeleton (D:4)
  3 jellies
  5 iguanas
  6 orc wizards
  2 howler monkey zombies
  3 gnolls (D:2)
  8 adders
  A shadow imp (D:7)
  A white imp (D:5)
  2 ufetubi
  A worm (D:4)
  5 dart slugs
  21 orcs
  14 ball pythons
  10 endoplasms
  4 giant cockroaches
  10 goblins
  9 hobgoblins
  5 jackals
  8 kobolds
  3 quokkas
  3 bats (D:1)
  2 frilled lizards
  3 rats
163 creatures vanquished.

Vanquished Creatures (others)
  21 plants
21 creatures vanquished.

Grand Total: 184 creatures vanquished

Notes
Turn   | Place    | Note
-------+----------+-------------------------------------------
     0 | D:1      | bande the Gargoyle Fighter began the quest for the Orb.
     0 | D:1      | Reached XP level 1. HP: 14/14 MP: 1/1
   275 | D:1      | Reached XP level 2. HP: 19/19 MP: 2/2
  1016 | D:1      | Reached skill level 2 in Axes
  1068 | D:1      | Reached XP level 3. HP: 18/24 MP: 3/3
  1967 | D:2      | Upgraded the game from 0.28-a0-883-gc8d7bad45d to
                  | 0.28-a0-895-g6e5f11bd55
  2015 | D:2      | Reached XP level 4. HP: 24/29 MP: 4/4
  2212 | D:2      | Reached skill level 3 in Axes
  3224 | D:3      | Reached XP level 5. HP: 14/33 MP: 5/5
  3559 | D:3      | Found a bloodstained altar of Trog.
  4017 | D:3      | Reached skill level 4 in Axes
  4017 | D:3      | Reached XP level 6. HP: 25/38 MP: 6/6
  5012 | D:4      | Gained mutation: Your body sometimes deteriorates upon
                  | taking damage. [potion of mutation]
  5012 | D:4      | Gained mutation: You have hidden genetic defects. [potion
                  | of mutation]
  5012 | D:4      | Gained mutation: Your natural rate of healing is unusually
                  | fast. [potion of mutation]
  5012 | D:4      | Gained mutation: Your muscles are strong. (Str +2) [potion
                  | of mutation]
  5127 | D:4      | Gained mutation: Your body often deteriorates upon taking
                  | damage. [hidden defects]
  5151 | D:4      | Reached XP level 7. HP: 44/44 MP: 7/7
  5151 | D:4      | Gained mutation: You occasionally shout uncontrollably at
                  | your foes. [hidden defects]
  5151 | D:4      | Lost mutation: You have hidden genetic defects. [hidden
                  | defects expressed]
  5180 | D:4      | Found a sacrificial altar of Ru.
  5221 | D:4      | Reached skill level 5 in Axes
  5352 | D:4      | Reached skill level 5 in Armour
  5373 | D:4      | Reached skill level 5 in Fighting
  5386 | D:4      | Reached skill level 6 in Axes
  5386 | D:4      | Reached XP level 8. HP: 45/49 MP: 8/8
  5458 | D:4      | Found a staircase to the Ecumenical Temple.
  5467 | Temple   | Entered the Ecumenical Temple
  5633 | D:4      | Found Wumpumax's Distillery.
  5826 | D:4      | Noticed Eustachio
  5841 | D:4      | Killed Eustachio
  6021 | D:5      | Entered Level 5 of the Dungeon
  6099 | D:5      | Identified a scroll of acquirement
  6099 | D:5      | Acquired 1121 gold pieces
  6154 | D:5      | Reached skill level 7 in Axes
  6298 | D:5      | Reached skill level 5 in Shields
  7071 | D:6      | Reached XP level 9. HP: 34/55 MP: 9/9
  7267 | D:6      | Found a shimmering blue altar of Sif Muna.
  7339 | D:6      | Reached skill level 1 in Evocations
  7370 | D:6      | Reached skill level 8 in Axes
  8348 | D:7      | Noticed Sigmund
  8359 | D:7      | Killed Sigmund
  8360 | D:7      | Reached skill level 9 in Axes
  8508 | D:8      | Noticed Gastronok
  8533 | D:8      | Killed from afar by Gastronok

Illustrated notes

Levels and vault maps discovered:
D:1:      psy_arrival_dodecagon, layout_loops_corners, serial_forest,
          infiniplex_forest_clump_small, infiniplex_forest_end_double,
          infiniplex_forest_side_room, infiniplex_forest_clump_diagonal,
          infiniplex_forest_corner_1, infiniplex_forest_straight_5,
          infiniplex_forest_clump_double
D:2:      layout_rooms, kennysheep_boxes
D:3:      layout_basic, trog_antimagical, minmay_cupped
D:4:      cheibrodos_barr_body, layout_loops_ring, mainiacjoe_overflow_alcove_2,
          minmay_temple_entry_fiery, serial_shops, shop, uniq_eustachio
D:5:      layout_loops_corners, serial_bayou_lagoon_b
D:6:      layout_loops_ring, mainiacjoe_overflow_brackets, grunt_decor_clamped
D:7:      minmay_chambers_of_fours, layout_rooms, chequers_mini_garden,
          sigmund_army
D:8:      layout_loops_ring, kennysheep_cluttered_room, uniq_gastronok
Temple:   regret_index_temple_waves

Skill      XL: |  1  2  3  4  5  6  7  8  9 |
---------------+----------------------------+-----
Axes           | 2 3 4 6 7 9 |  9.1
Fighting       | 4 5 6 |  6.8
Armour         | 4 5 6 7 |  7.1
Shields        | 4 5 |  5.5
Evocations     | 3 |  3.1

Action                   |  1- 3 |  4- 6 |  7- 9 || total
-------------------------+-------+-------+-------++-------
Melee: War axe           |   126 |   169 |   367 ||   662
  Use: Scroll            |     5 |     4 |    12 ||    21
       Potion            |       |     3 |     2 ||     5
Armor: Scale mail        |    77 |    46 |       ||   123
       Chain mail        |       |    48 |   284 ||   332
Dodge: Dodged            |    77 |    77 |   161 ||   315
Block: Buckler           |    28 |    43 |    89 ||   160

Table legend: (Time is in decaauts)
 A = Elapsed time spent in this place.
 B = Non-inter-level travel time spent in this place.
 C = Inter-level travel time spent in this place.
 D = Time resting spent in this place.
 E = Time spent auto-exploring this place.
 F = Levels seen in this place.
 G = Mean time per level.
                   A        B        C        D        E       F      G
               +--------+--------+--------+--------+--------+-----+--------+
         Total |   8715 |   8578 |    137 |   2039 |   4792 |   9 |  968.3 |
       Dungeon |   8583 |   8476 |    107 |   2039 |   4710 |   8 | 1072.9 |
        Temple |    131 |    101 |     30 |      0 |     82 |   1 |  131.0 |
               +--------+--------+--------+--------+--------+-----+--------+

Top non-repeatable levels by time:
     D:1: 1946 daAuts
     D:3: 1673 daAuts
     D:2: 1261 daAuts
     D:4: 1154 daAuts
     D:5: 921 daAuts
     D:6: 910 daAuts
     D:7: 687 daAuts
  Temple: 131 daAuts
     D:8: 28 daAuts
